 Dungeon Crawl Stone Soup version 0.29.1 (webtiles) character file.

Game seed: 10017981540910369814

45619 Spectrina the Pacifist (level 14, -6/78 HPs)
             Began as a Deep Elf Monk on Sept 5, 2022.
             Was an Elder of Elyvilon.
             Mangled by a sixfirhy (10 damage)
             ... summoned by an orc sorcerer
             ... on level 2 of the Orcish Mines on Sept 12, 2022.
             The game lasted 02:41:53 (13088 turns).

Spectrina the Pacifist (Deep Elf Monk)             Turns: 13088, Time: 02:41:54

Health: -6/78      AC: 12    Str: 10    XL:     14   Next: 1%
Magic:  2/29       EV: 17    Int: 19    God:    Elyvilon [****..]
Gold:   1421       SH:  0    Dex: 23    Spells: 5/26 levels left

rFire   . . .      SeeInvis .   a - +10 long sword "Giaxo" {flame, rC- rCorr Str+2}
rCold   x . .      Faith    +   (no shield)
rNeg    . . .      Spirit   .   d - +3 leather armour
rPois   .          Reflect  .   x - +1 helmet
rElec   .          Harm     .   j - +0 cloak
rCorr   +          Rampage  .   Y - +1 pair of gloves {Stlth+}
Will    +....      Clarity  +   o - +0 pair of boots
Stlth   +++++.....              X - amulet of faith
HPRegen 0.23/turn               O - +6 ring of dexterity
MPRegen 0.21/turn               v - +4 ring of slaying

@: about to teleport
A: clarity, dopey 1
a: Renounce Religion, Purification, Heal Other, Heal Self


You were on level 2 of the Orcish Mines.
You worshipped Elyvilon.
Elyvilon was greatly pleased with you.
You visited 4 branches of the dungeon, and saw 18 of its levels.
You also visited: Sewer.

You collected 2088 gold pieces.
You spent 667 gold pieces at shops.

Inventory:

Hand Weapons
 a - the +10 long sword "Giaxo" (weapon) {flame, rC- rCorr Str+2}
   (You found it on level 3 of the Dungeon)

   It burns those it strikes, dealing additional fire damage.
   Big, fiery blades are also staple armaments of hydra-hunters.
   Str:       It affects your strength (+2).
   rC:        It makes you vulnerable to cold.
   rCorr:     It protects you from acid and corrosion.
 b - a +1 dagger of electrocution
 h - a +0 sling
Missiles
 k - 4 javelins
 E - 18 boomerangs of dispersal
 S - 2 atropa-tipped darts
 T - a curare-tipped dart (quivered)
Armour
 d - a +3 leather armour (worn)
 j - a +0 cloak (worn)
 o - a +0 pair of boots (worn)
 x - a +1 helmet (worn)
 D - a +2 kite shield
 L - +0 steam dragon scales
 W - a +0 troll leather armour
 Y - a +1 pair of gloves of stealth (worn)
Magical Staves
 s - a staff of earth
 U - a staff of poison
Jewellery
 l - a +4 ring of protection
 u - a +6 ring of intelligence
 v - a +4 ring of slaying (right hand)
 H - a ring of positive energy
 O - a +6 ring of dexterity (left hand)
 R - a ring of wizardry
 X - an amulet of faith (around neck)
Wands
 t - a wand of flame (7)
 J - a wand of iceblast (11)
Scrolls
 f - 4 scrolls of immolation
 i - 3 scrolls of enchant armour {unknown}
 n - 5 scrolls of vulnerability
 p - 2 scrolls of enchant weapon
 w - 8 scrolls of teleportation
 y - 3 scrolls of magic mapping
 C - 4 scrolls of fear
 F - 5 scrolls of fog
 G - 2 scrolls of silence
 M - a scroll of blinking
 V - a scroll of amnesia
 Z - 3 scrolls of poison {unknown}
Potions
 c - 2 potions of ambrosia
 e - 7 potions of mutation
 g - 4 potions of heal wounds
 m - 3 potions of brilliance
 q - 2 potions of resistance
 r - 2 potions of haste
 z - 4 potions of curing
 A - 2 potions of might
 B - 2 potions of flight
 I - 2 potions of attraction
 K - a potion of lignification
 N - 2 potions of berserk rage {unknown}
 P - 3 potions of magic


   Skills:
 + Level 5.1 Fighting
 - Level 3.0 Short Blades
 + Level 7.5 Dodging
 - Level 7.0 Stealth
 + Level 6.7 Spellcasting
 + Level 5.5 Conjurations
 + Level 3.7 Summonings
 + Level 11.5 Translocations
 + Level 5.5 Ice Magic
 + Level 6.5 Air Magic
 - Level 18.0 Invocations


You had 5 spell levels left.
You knew the following spells:

 Your Spells              Type           Power      Damage    Failure   Level
a - Lesser Beckoning      Tloc           50%        N/A       1%          3
b - Blink                 Tloc           100%       N/A       1%          2
f - Frozen Ramparts       Ice            54%        1d9       4%          3
p - Summon Ice Beast      Ice/Summ       24%        N/A       22%         4
q - Manifold Assault      Tloc           50%        N/A       3%          5
r - Hailstorm             Conj/Ice       27%        3d7       14%         4

Your spell library contained the following spells:

 Spells                   Type           Power      Damage    Failure   Level
 Static Discharge         Conj/Air       29%        3-7/arc   1%          2
 Poisonous Vapours        Pois/Air       36%        N/A       5%          2
 Mephitic Cloud           Conj/Pois/Air  21%        N/A       9%          3
 Sandblast                Erth           12%        2d6       14%         1
 Sting                    Tmut/Pois      24%        1d4       14%         1
 Stone Arrow              Conj/Erth      32%        3d9       14%         3
 Passwall                 Tmut/Erth      5%         N/A       22%         2
 Lightning Bolt           Conj/Air       14%        1d28      32%         5
 Freezing Cloud           Conj/Ice/Air   14%        6-21      34%         5
 Ignite Poison            Fire/Tmut/Pois 6%         N/A       38%         3
 Ice Form                 Ice/Tmut       16%        N/A       41%         4
 Corpse Rot               Necr/Pois/Air  14%        N/A       50%         4
 Olgreb's Toxic Radiance  Pois           6%         N/A       80%         4
 Alistair's Intoxication  Tmut/Pois      4%         N/A       98%         5
 Borgnjor's Vile Clutch   Necr/Erth      3%         N/A       98%         5
 Eringya's Noxious Bog    Tmut/Pois      3%         N/A       100%        6
 Simulacrum               Ice/Necr       8%         N/A       100%        6
 Maxwell's Capacitive Co  Air            15%        ∞         100%        8


Dungeon Overview and Level Annotations

Branches:
Dungeon (10/15)            Temple (0/1) D:4            Lair (5/5) D:9
 Shoals (0/4) Lair:2        Snake (1/4) Lair:2        Slime (0/5) Lair:5
    Orc (2/2) D:9             Elf (0/3) Orc:2         Sewer (visited)

Altars:
Cheibriados
Elyvilon
Fedhas
Hepliaklqana
Trog
Xom
Zin

Shops:
D:1 [   D:5 =   D:7 ?   Orc:1 *   Orc:2 ([

Annotations:
D:7 1 runed translucent door, MisterHat's ghost, novice TrGl
Orc:1 2 transporters, Jisity's ghost, adept HuFi


Innate Abilities, Weirdness & Mutations

You possess an exceptional clarity of mind.
You are dopey. (Int -2)


Message History

Your ice beast freezes the warg!
The sixfirhy hits you but does no damage.
Unknown command.
The sixfirhy attacks as you move away! The sixfirhy closely misses you.
The warg attacks as you move away! The warg closely misses you.
The sixfirhy hits you. The sixfirhy shocks you!
The sixfirhy closely misses you. The warg closely misses your ice beast.
Your ice beast hits the warg but does no damage.
The warg bites your ice beast.
Unknown command.
Aiming: Charm
Press: ? - help, Shift-Dir - straight line, f - sixfirhy, p - warg
Aim: a sixfirhy (summoned, chance to affect: 17%)
The sixfirhy resists with almost no effort.
The now-empty wand crumbles to dust.
The warg bites your ice beast!
Your ice beast hits the warg but does no damage.
The orc sorcerer points at you and mumbles some strange words.
The bolt of negative energy hits the sixfirhy.
The sixfirhy completely resists.
The bolt of negative energy misses you.
Unknown command.
As you read the scroll of teleportation, it crumbles to dust.
You feel strangely unstable. The warg bites your ice beast.
Your ice beast barely misses the warg.
The rust devil hits your ice beast. The rust devil corrodes your ice beast!
Unknown command.
Unknown command.
The sixfirhy hits you. The sixfirhy shocks you!
* * * LOW HITPOINT WARNING * * *
The sixfirhy misses you. x2
Your ice beast hits the warg but does no damage.
Unknown command.
The sixfirhy hits you but does no damage.
The sixfirhy hits you.
* * * LOW HITPOINT WARNING * * *
The sixfirhy shocks you!
* * * LOW HITPOINT WARNING * * *
The sixfirhy completely misses you. The sixfirhy hits you.
* * * LOW HITPOINT WARNING * * *
The sixfirhy shocks you!
You die...

....#...##.#.#...)..o.......
...#...##...P.#)##..#...P...
..#..............#####......
......#...........# .....∩
.................o## .....
.................4.# ....8
.......P8..∩....Y4## ..h.
.................3h# ..P.
........P.......@.##
.........P......###
.........)..P)..#
.........P......######
...............###.#.##
................#.....#
............#.........#
............###..)...##
..)....).....#......#.##


You could see an ice devil (summoned), a rust devil (summoned), a sixfirhy
(summoned), a warg (ally target), an orc sorcerer and a friendly ice beast
(summoned, corroded).

Vanquished Creatures
  A boulder beetle (Lair:5)
  3 hydras (Lair:5)
  A death yak (Lair:4)
  An orc high priest (Orc:2)
  Urug (Lair:2)
  A shining eye (Orc:1)
  3 elephants
  2 black mambas
  Maurice (D:8)
  An orange demon (Lair:3)
  2 rime drakes
  11 cane toads
  A kobold demonologist (D:9)
  A komodo dragon (Lair:4)
  2 merfolk (Lair:2)
  7 polar bears (Lair:5)
  2 trolls
  A hornet (Lair:3)
  6 dream sheep
  9 blink frogs
  The ghost of gdog the Covert, an amateur GnDe (D:4)
  A wyvern (D:9)
  A basilisk (Lair:5)
  18 yaks
  5 steam dragons
  Edmund (D:4)
  3 wargs
  A naga (Lair:2)
  11 water moccasins
  2 acid dragons
  9 hell hounds (Lair:5)
  7 black bears (Lair:5)
  An ice beast (D:6)
  7 orc warriors
  A sky beast (D:6)
  Pargi (Sewer)
  17 wolves (Lair:5)
  4 ogres
  2 centaurs
  3 phantoms
  6 kobold brigands
  7 bullfrogs
  2 scorpions (D:5)
  4 wights (D:7)
  4 killer bees
  An electric eel (D:9)
  A howler monkey (D:5)
  2 jellies
  A gnoll bouda (D:9)
  5 orc priests
  13 hounds
  6 iguanas
  6 orc wizards
  Robin (D:4)
  14 gnolls
  6 adders
  2 shadow imps (D:6)
  An ufetubus (D:6)
  4 dart slugs
  54 orcs
  11 ball pythons
  5 bats
  2 endoplasms (D:1)
  5 giant cockroaches
  13 goblins
  6 hobgoblins
  7 jackals
  A quokka (D:2)
  8 frilled lizards
  24 kobolds
  7 rats
382 creatures vanquished.

Vanquished Creatures (collateral kills)
  An orc sorcerer (Orc:2)
  A salamander (Snake:1)
  A polar bear (Lair:5)
  A hell hound (Lair:5)
  A black bear (Lair:5)
  An orc priest (Orc:1)
  An orc wizard (Orc:1)
  3 orcs (Orc:1)
10 creatures vanquished.

Vanquished Creatures (others)
  An anaconda (Lair:5)
  A death yak (Lair:4)
  A lindwurm (Lair:4)
  A black mamba (Lair:1)
  A cane toad (Lair:3)
  2 polar bears (Lair:5)
  A blink frog (Lair:3)
  A raiju (Lair:5)
  3 yaks
  A steam dragon (Lair:5)
  2 wargs (Lair:5)
  A water moccasin (Lair:3)
  4 hell hounds (Lair:5)
  A nameless horror (Orc:1)
  2 orc warriors
  3 black bears (Lair:5)
  An ogre (Orc:2)
  A wolf (Lair:5)
  An orc priest (Orc:2)
  An iguana (Lair:5)
  A gnoll (D:6)
  68 fungi
  69 plants
  2 withered plants (D:7)
170 creatures vanquished.

Grand Total: 562 creatures vanquished

Notes
Turn   | Place    | Note
-------+----------+-------------------------------------------
     0 | D:1      | Spectrina the Deep Elf Monk began the quest for the Orb.
     0 | D:1      | Reached XP level 1. HP: 13/13 MP: 3/3
   221 | D:2      | Reached XP level 2. HP: 18/18 MP: 4/4
   315 | D:3      | Found a shimmering altar of Xom.
   461 | D:2      | Reached XP level 3. HP: 4/22 MP: 5/5
   540 | D:1      | Found Omoumipum's Armour Boutique.
   659 | D:1      | Bought a +0 pair of boots for 49 gold pieces
   699 | D:1      | Reached skill level 5 in Stealth
  1129 | D:3      | Identified the +10 long sword "Giaxo" {flame, rC- rCorr
                  | Str+2}
  1201 | D:3      | Reached XP level 4. HP: 27/27 MP: 6/6
  1325 | D:4      | Noticed Robin
  1349 | D:4      | Killed Robin
  1393 | D:4      | Found a white marble altar of Elyvilon.
  1397 | D:4      | Reached XP level 5. HP: 13/31 MP: 7/7
  1424 | D:4      | Became a worshipper of Elyvilon the Healer
  1424 | D:4      | Reached * piety under Elyvilon
  1424 | D:4      | Reached ** piety under Elyvilon
  1488 | D:4      | Noticed Edmund
  1500 | D:4      | Gained mutation: You possess an exceptional clarity of
                  | mind. [potion of mutation]
  1500 | D:4      | Gained mutation: You are dopey. (Int -2) [potion of
                  | mutation]
  1518 | D:4      | Killed Edmund
  1519 | D:4      | Reached skill level 3 in Invocations
  1519 | D:4      | Reached XP level 6. HP: 11/36 MP: 7/10
  1539 | D:4      | Found a glowing drain.
  1561 | Sewer    | Entered a sewer
  1583 | Sewer    | Noticed Pargi
  1587 | Sewer    | Killed Pargi
  1588 | Sewer    | Reached skill level 4 in Invocations
  1776 | D:5      | Entered Level 5 of the Dungeon
  2191 | D:3      | Reached skill level 5 in Invocations
  2270 | D:4      | Found a runed translucent door.
  2271 | D:4      | Noticed Crazy Yiuf
  2278 | D:4      | Pacified Crazy Yiuf
  2311 | D:5      | Reached XP level 7. HP: 40/40 MP: 11/13
  2312 | D:5      | Reached skill level 6 in Invocations
  2349 | D:5      | Found a hazy altar of Hepliaklqana.
  2466 | D:6      | Reached *** piety under Elyvilon
  2488 | D:6      | Reached skill level 7 in Invocations
  2543 | D:6      | Reached skill level 8 in Invocations
  2576 | D:5      | Reached XP level 8. HP: 26/45 MP: 16/16
  2576 | D:5      | Found Etiakh's One-of-a-Kind Rings.
  2584 | D:5      | Bought a +1 ring of dexterity for 28 gold pieces
  3009 | D:6      | Reached skill level 9 in Invocations
  3059 | D:7      | Found Tuytoas's Magic Scroll Emporium.
  3062 | D:7      | Bought a scroll of immolation for 52 gold pieces
  3062 | D:7      | Bought a scroll of fog for 52 gold pieces
  3062 | D:7      | Bought a scroll of silence for 123 gold pieces
  3062 | D:7      | Bought a scroll of identify for 26 gold pieces
  3094 | D:8      | Reached skill level 10 in Invocations
  3362 | D:8      | Reached skill level 11 in Invocations
  3368 | D:8      | Found a blossoming altar of Fedhas.
  3415 | D:8      | Reached XP level 9. HP: 22/49 MP: 9/19
  3750 | D:7      | Reached skill level 12 in Invocations
  4173 | D:4      | Found a staircase to the Ecumenical Temple.
  4208 | D:4      | Found a runed translucent gate.
  4208 | D:4      | Found a runed translucent gate.
  4208 | D:4      | Found a runed translucent gate.
  4209 | D:4      | Noticed gdog's ghost (amateur GnDe)
  4241 | D:4      | Killed gdog's ghost
  4242 | D:4      | Reached skill level 13 in Invocations
  4373 | D:4      | Upgraded the game from 0.29.0-11-gd7f09526c8 to
                  | 0.29.0-13-gc9e81de378
  4376 | D:4      | Learned a level 2 spell: Blink
  4526 | D:8      | Reached skill level 1 in Translocations
  4542 | D:8      | Found a glowing silver altar of Zin.
  4579 | D:8      | Found a snail-covered altar of Cheibriados.
  4580 | D:8      | Noticed Maurice
  4591 | D:8      | Killed Maurice
  4617 | D:9      | Reached skill level 14 in Invocations
  4656 | D:8      | Learned a level 3 spell: Lesser Beckoning
  4696 | D:9      | Noticed a kobold demonologist
  4703 | D:9      | Noticed a sixfirhy
  4706 | D:9      | Killed a kobold demonologist
  4707 | D:9      | Reached XP level 10. HP: 33/54 MP: 22/22
  4730 | D:9      | Found a staircase to the Orcish Mines.
  4732 | D:9      | Reached **** piety under Elyvilon
  5000 | D:9      | Found a staircase to the Lair.
  5021 | Lair:1   | Entered Level 1 of the Lair of Beasts
  5023 | Lair:1   | Noticed an eight-headed hydra
  5043 | Lair:1   | Noticed a cane toad
  5057 | Lair:1   | Killed a cane toad
  5117 | Lair:2   | Noticed a black mamba
  5117 | Lair:2   | Noticed a catoblepas
  5128 | Lair:1   | Pacified a black mamba
  5275 | Lair:1   | Reached skill level 5 in Translocations
  5275 | Lair:1   | Reached skill level 15 in Invocations
  5303 | Lair:1   | Noticed a catoblepas
  5303 | Lair:1   | Noticed a black mamba
  5303 | Lair:1   | Noticed an elephant
  5321 | Lair:2   | Reached ***** piety under Elyvilon
  5364 | Lair:2   | Found a staircase to the Shoals.
  5367 | Lair:2   | Noticed a merfolk siren
  5378 | Lair:2   | Noticed a cane toad
  5397 | Lair:2   | Noticed Urug
  5480 | Lair:1   | Noticed a cane toad
  5598 | D:7      | Found a runed translucent door.
  5598 | D:7      | Noticed MisterHat's ghost (novice TrGl)
  5814 | D:7      | Bought a scroll of vulnerability for 52 gold pieces
  5814 | D:7      | Bought 2 scrolls of fog for 104 gold pieces
  6116 | D:1      | Bought a +1 pair of gloves of stealth for 181 gold pieces
  6473 | Lair:1   | Pacified an eight-headed hydra
  6486 | Lair:1   | Reached XP level 11. HP: 29/58 MP: 21/24
  6588 | Lair:1   | Reached skill level 16 in Invocations
  6757 | Lair:1   | Learned a level 5 spell: Manifold Assault
  6859 | Lair:1   | Pacified a catoblepas
  7016 | Lair:2   | Noticed a death yak
  7018 | Lair:2   | Pacified a catoblepas
  7027 | Lair:2   | Pacified a death yak
  7028 | Lair:2   | Reached skill level 10 in Translocations
  7133 | Lair:3   | Reached skill level 17 in Invocations
  7190 | Lair:2   | Found a staircase to the Snake Pit.
  7340 | Lair:3   | Reached skill level 1 in Air Magic
  7406 | Lair:3   | Reached skill level 1 in Spellcasting
  7422 | Lair:3   | Reached skill level 1 in Conjurations
  7422 | Lair:3   | Reached skill level 1 in Ice Magic
  7448 | Lair:3   | Noticed Amaemon
  7522 | Lair:2   | Killed Urug
  7523 | Lair:2   | Reached XP level 12. HP: 58/64 MP: 21/26
  7906 | Lair:4   | Noticed a death yak
  7906 | Lair:4   | Noticed a death yak
  7907 | Lair:4   | Noticed a death yak
  8351 | Lair:3   | Pacified Amaemon
  8427 | Lair:3   | Reached skill level 5 in Dodging
  8660 | Lair:5   | Entered Level 5 of the Lair of Beasts
  8863 | Lair:4   | Pacified a death yak
  8865 | Lair:4   | Killed a death yak
  8871 | Lair:4   | Killed a death yak
  8959 | Lair:5   | Noticed an eight-headed hydra
  8982 | Lair:4   | Upgraded the game from 0.29.0-13-gc9e81de378 to
                  | 0.29.0-15-g675c0067aa
  9073 | Lair:4   | Learned a level 3 spell: Frozen Ramparts
  9078 | Lair:4   | Learned a level 4 spell: Hailstorm
  9407 | Lair:4   | Pacified a death yak
  9429 | Lair:5   | Noticed a boulder beetle
  9457 | Lair:5   | Killed a boulder beetle
  9519 | Lair:5   | Noticed a five-headed hydra
  9569 | Lair:5   | Noticed a four-headed hydra
  9573 | Lair:5   | Killed a one-headed hydra
  9574 | Lair:5   | Reached XP level 13. HP: 56/70 MP: 6/27
  9575 | Lair:5   | Reached skill level 5 in Air Magic
  9891 | Lair:5   | Found a staircase to the Slime Pits.
  9947 | Lair:5   | Learned a level 4 spell: Summon Ice Beast
 10040 | Lair:5   | Reached skill level 18 in Invocations
 10238 | Lair:5   | Reached skill level 5 in Spellcasting
 10238 | Lair:5   | Reached skill level 1 in Summonings
 10653 | Lair:5   | Noticed a fire dragon
 10654 | Lair:5   | Pacified a fire dragon
 11200 | Lair:5   | Reached skill level 5 in Ice Magic
 11415 | Lair:5   | Reached skill level 5 in Conjurations
 11688 | Snake:1  | Entered Level 1 of the Snake Pit
 11833 | Orc:1    | Entered Level 1 of the Orcish Mines
 11843 | Orc:1    | HP: 1/72 [warg (5)]
 11868 | Orc:2    | Entered Level 2 of the Orcish Mines
 11879 | Orc:1    | Found a bloodstained altar of Trog.
 11879 | Orc:1    | Noticed Jisity's ghost (adept HuFi)
 12060 | Orc:1    | Found a transporter.
 12066 | Orc:1    | Found Vatuoqink's Gadget Gallery.
 12068 | Orc:1    | Found a transporter.
 12361 | D:9      | Reached skill level 5 in Fighting
 12466 | D:10     | Entered Level 10 of the Dungeon
 12706 | D:10     | Upgraded the game from 0.29.0-15-g675c0067aa to 0.29.1
 12742 | Orc:2    | Found a staircase to the Elven Halls.
 12854 | Orc:2    | Found Metwaj's Antique Weapon Shop.
 12942 | Orc:2    | Found Anotroch's Antique Armour Shoppe.
 13047 | Orc:2    | Reached XP level 14. HP: 74/78 MP: 5/29
 13088 | Orc:2    | Mangled by a sixfirhy

Illustrated notes

Levels and vault maps discovered:
D:1:      evilmike_arrival_plus, layout_basic, serial_shops, nicolae_shop_stone
D:2:      layout_basic
D:3:      layout_basic, mainiacjoe_overflow_brackets, serial_glass,
          glass_columns_a, glass_columns_b, glass_columns_a, glass_columns_a,
          glass_columns_b, glass_columns_a, minmay_misc_feat_square
D:4:      layout_rooms, elyvilon_altar_1, minmay_temple_entry_statues_pillars,
          portal_sewer_entry_e, gammafunk_ghost_nasty_kobolds,
          uniq_crazy_yiuf_cottage, uniq_robin, uniq_edmund
D:5:      layout_basic, amcnicky_altar_gilded, nicolae_shop_unique_rings
D:6:      layout_basic, minmay_unpleasant_kobolds
D:7:      layout_basic, gammafunk_ghost_grave, serial_shops,
          nicolae_stop_n_shop_2
D:8:      layout_rooms, mainiacjoe_overflow_six_doors_small, fedhas_altar_1,
          mainiacjoe_overflow_catwalk, minmay_microvault, uniq_maurice
D:9:      layout_basic, erik_lair_island
D:10:     nicolae_cairo_tiling_large, layout_basic,
          nicolae_overflow_crystal_walls, bloody_trog, serial_shops,
          shop_fountains, uniq_snorg, uniq_grum, uniq_psyche, uniq_erolcha
Lair:1:   layout_regular_city, hangedman_lair_generics_rect, lemuel_fruit_tree
Lair:2:   layout_loops_ring, elwin_shoals_entry_stream,
          guppyfry_snake_entry_garden, uniq_urug
Lair:3:   layout_regular_city, beast_lair_carwin_2, uniq_amaemon
Lair:4:   layout_layer_cave, minmay_hedge_maze, grunt_megastairs_5
Lair:5:   hangedman_lair_caniforms_friends, layout_regular_city,
          guppyfry_lair_end_dragon, dpeg_slime_entry_enclosed
Snake:1:  layout_onion_interference, serial_bayou_crossing,
          serial_bayou_shore_b, uniq_aizul
Orc:1:    nicolae_orc_accident_2, layout_caves, serial_shops,
          nicolae_lakefront_shop, gammafunk_ghost_wrathful_warriors,
          nicolae_shop_gadgets
Orc:2:    grunt_orc_gardens, layout_caves, grunt_orc_garden, grunt_orc_garden,
          grunt_orc_garden, grunt_orc_garden, nicolae_orc_flooded_monolith,
          minmay_orc_temple_c, uniq_josephine

Skill      XL: |  1  2  3  4  5  6  7  8  9 10 11 12 13 |
---------------+----------------------------------------+-----
Stealth        | 3 4 5 6 7 |  7.0
Invocations    | 3 5 8 11 14 15 17 18 | 18.0
Translocations | 3 7 10 11 | 11.5
Dodging        | 4 5 7 |  7.5
Air Magic      | 1 4 6 |  6.5
Spellcasting   | 1 4 6 |  6.7
Conjurations   | 1 3 5 |  5.5
Ice Magic      | 1 3 5 |  5.5
Fighting       | 3 5 |  5.1
Summonings     | 3 |  3.7
Short Blades   | |  3.0

Action                   |  1- 3 |  4- 6 |  7- 9 | 10-12 | 13-15 || total
-------------------------+-------+-------+-------+-------+-------++-------
Melee: Short sword       |    75 |       |       |       |       ||    75
       Dagger            |    92 |     1 |    17 |    15 |     1 ||   126
       Long sword        |     4 |   101 |   199 |   371 |   329 ||  1004
       Punch             |     1 |       |     1 |     3 |     4 ||     9
 Fire: Arbalest          |       |       |       |     1 |       ||     1
Throw: Dart              |       |       |       |    10 |     1 ||    11
       Boomerang         |       |       |       |     1 |       ||     1
 Cast: Manifold Assault  |       |       |       |    67 |    79 ||   146
       Blink             |       |       |       |     5 |    13 ||    18
       Frozen Ramparts   |       |       |       |       |    16 ||    16
       Summon Ice Beast  |       |       |       |       |    12 ||    12
       Hailstorm         |       |       |       |       |     5 ||     5
Invok: Heal Other        |       |     1 |    13 |    28 |    28 ||    70
       Heal Self         |       |       |     2 |     3 |     3 ||     8
Evoke: Wand              |       |     2 |     5 |    22 |    13 ||    42
  Use: Potion            |       |     7 |     1 |       |       ||     8
       Scroll            |       |       |     5 |     6 |     9 ||    20
 Stab: Sleeping          |     8 |    13 |    11 |    18 |     3 ||    53
       Distracted        |       |       |     1 |     3 |     2 ||     6
       Petrified         |       |       |       |     4 |       ||     4
Armor: Leather armour    |    69 |    41 |   119 |   127 |   130 ||   486
Dodge: Dodged            |   145 |    74 |   171 |   206 |   345 ||   941
